 Dungeon Crawl Stone Soup version 0.30-a0-757-ga6a79fd877 (webtiles) character file.

Game seed: 11001827590993185723

60 AzureAlchemist the Gusty (level 4, 0/24 HPs)
             Began as a Tengu Air Elementalist on Feb 9, 2023.
             Was an Initiate of Sif Muna.
             Slain by an iguana (12 damage)
             ... on level 5 of the Dungeon.
             The game lasted 00:10:59 (2256 turns).

AzureAlchemist the Gusty (Tengu Air Elementalist)   Turns: 2256, Time: 00:11:00

Health: 0/24       AC:  3    Str:  8    XL:     4   Next: 4%
Magic:  6/9        EV: 12    Int: 17    God:    Sif Muna [......]
Gold:   176        SH:  0    Dex: 15    Spells: 0/8 levels left

rFire   . . .      SeeInvis .    a - +0 dagger (drain)
rCold   . . .      Faith    .    (no shield)
rNeg    . . .      Spirit   .    e - +0 robe
rPois   .          Reflect  .    (helmet restricted)
rElec   .          Harm     .    l - +0 cloak
rCorr   .          Rampage  .    (no gloves)
Will    .....                    (boots unavailable)
Stlth   ++                       (no amulet)
HPRegen 0.24/turn                (no ring)
MPRegen 0.11/turn                (no ring)

@: no status effects
A: beak, talons 3
a: Renounce Religion


You were on level 5 of the Dungeon.
You worshipped Sif Muna.
Sif Muna was noncommittal.
You visited 1 branch of the dungeon, and saw 4 of its levels.

You collected 176 gold pieces.

Inventory:

Hand Weapons
 a - a +0 dagger of draining (weapon)
Armour
 e - a +0 robe (worn)
 l - a +0 cloak (worn)
Magical Staves
 q - a staff of death
Scrolls
 c - 2 scrolls of identify {unknown}
 d - a scroll of vulnerability {unknown}
 g - 4 scrolls of enchant armour {unknown}
 m - a scroll of poison {unknown}
 p - a scroll of blinking {unknown}
Potions
 b - 3 potions of magic
 f - 2 potions of might {unknown}
 h - a potion of flight {unknown}
 i - 3 potions of curing {unknown}
 j - a potion of attraction {unknown}
 k - a potion of invisibility {unknown}
 n - a potion of cancellation {unknown}
 o - a potion of ambrosia {unknown}
 r - a potion of resistance {unknown}
 s - a potion of degeneration {unknown}
 t - a potion of lignification {unknown}


   Skills:
 - Level 2.1 Dodging
 - Level 2.0 Stealth
 + Level 2.8 Spellcasting
 - Level 4.0 Conjurations
 + Level 4.0 Air Magic


You couldn't memorise any spells.
You knew the following spells:

 Your Spells              Type           Power      Damage    Failure   Level
a - Shock                 Conj/Air       64%        1d7       3%          1
b - Swiftness             Air            16%        N/A       10%         3
c - Airstrike             Air            8%         2d(2-18)  32%         4

Your spell library contained the following spells:

 Spells                   Type           Power      Damage    Failure   Level
 Static Discharge         Conj/Air       32%        2-4/arc   5%          2
 Kiss of Death            Conj/Necr      36%        2d8       8%          1
 Kindle Blastsparks       Fire/Tloc/Air  14%        2d11      30%         3
 Confusing Touch          Hex            2%         N/A       47%         3
 Ignite Poison            Fire/Tmut/Pois 2%         N/A       47%         3
 Freezing Cloud           Conj/Ice/Air   5%         6-21      86%         5
 Dispel Undead            Necr           2%         3d7       87%         4


Dungeon Overview and Level Annotations

Branches:
Dungeon (3/15)

Altars:
Gozag
Sif Muna


Innate Abilities, Weirdness & Mutations

You have a beak for a mouth.
You have claws for feet.


Message History

Casting: Shock (safe; 3% risk of failure)
Confirm with . or Enter, or press ? or * to list all spells.
Aiming: Shock (safe; 3% risk of failure)
Press: ? - help, Shift-Dir - straight line, f - iguana
Aim: an iguana (asleep, 100% to hit)
The zap hits the iguana but does no damage.
The iguana hisses angrily.
An orc comes into view. It is wielding a +0 club.
Casting: Shock (safe; 3% risk of failure)
Confirm with . or Enter, or press ? or * to list all spells.
Aiming: Shock (safe; 3% risk of failure)
Press: ? - help, Shift-Dir - straight line, f/p - iguana
Aim: an iguana (75% to hit)
Okay, then.
Casting: Shock (safe; 3% risk of failure)
Confirm with . or Enter, or press ? or * to list all spells.
Aiming: Shock (safe; 3% risk of failure)
Press: ? - help, Shift-Dir - straight line, p - iguana The zap misses the iguana.
The zap hits the iguana but does no damage.
The iguana bites you.
Casting: Shock (safe; 3% risk of failure)
Confirm with . or Enter, or press ? or * to list all spells.
Aiming: Shock (safe; 3% risk of failure)
Press: ? - help, Shift-Dir - straight line The zap hits the iguana.
The iguana is moderately wounded.
The zap misses the iguana.
The iguana bites you!
Casting: Shock (safe; 3% risk of failure)
Confirm with . or Enter, or press ? or * to list all spells.
Aiming: Shock (safe; 3% risk of failure)
Press: ? - help, Shift-Dir - straight line The zap hits the iguana.
The iguana is heavily wounded.
The zap hits the iguana.
The iguana is almost dead.
The orc shouts!
The iguana bites you!
Ouch! That really hurt!
You die...

...## ....# ...##
#>..### ...
##.....#####. #..#
##............ #...#
#+## ##.............
#...
#..###....@......#
#..#
#.#....##.l...###
#...##....######...##
.. #........## #....#
. #.......##
##....#.# ##.......#
#.#....o###
#........#
###..##.......
#........#
#.#.l.##..##..
..........#
##.#..........


You could see an iguana and an orc.

Vanquished Creatures
  An adder (D:2)
  2 worms
  2 dart slugs
  An orc (D:3)
  4 ball pythons
  4 endoplasms
  A giant cockroach (D:2)
  4 goblins
  4 hobgoblins
  3 quokkas
  A bat (D:2)
  6 frilled lizards
  4 kobolds
  2 rats
39 creatures vanquished.

Notes
Turn   | Place    | Note
-------+----------+-------------------------------------------
     0 | D:1      | AzureAlchemist the Tengu Air Elementalist began the quest
                  | for the Orb.
     0 | D:1      | Reached XP level 1. HP: 10/10 MP: 4/4
   285 | D:1      | Reached XP level 2. HP: 15/15 MP: 0/6
  1006 | D:2      | Reached XP level 3. HP: 19/19 MP: 3/7
  1010 | D:2      | Learned a level 3 spell: Swiftness
  1921 | D:3      | Found an opulent altar of Gozag.
  1966 | D:3      | Reached XP level 4. HP: 19/24 MP: 9/9
  1993 | D:3      | Found a shimmering blue altar of Sif Muna.
  2106 | D:3      | Learned a level 4 spell: Airstrike
  2130 | D:3      | Became a worshipper of Sif Muna the Loreminder
  2195 | D:3      | You fall into a shaft and drop 2 floors!
  2195 | D:5      | Entered Level 5 of the Dungeon
  2256 | D:5      | Slain by an iguana

Illustrated notes

Levels and vault maps discovered:
D:1:      amcnicky_arrival_wind_blow, layout_loops_ring
D:2:      minmay_door_path, layout_basic
D:3:      layout_basic, nicolae_gozag_cash_rules_everything_around_me,
          mainiacjoe_overflow_alcove_4, mainiacjoe_overflow_surrounded_room,
          led_sif_pool, wad_orctagon
D:5:      layout_layer_cave, nicolae_vehumet_altar_sigil

Skill      XL: |  1  2 |
---------------+-------+-----
Conjurations   | 2 4 |  4.0
Dodging        | |  2.1
Stealth        | |  2.0
Spellcasting   | |  2.8
Air Magic      | |  4.0

Action                     |  1- 3 |  4- 6 || total
---------------------------+-------+-------++-------
  Melee: Dagger            |     9 |       ||     9
         Kick              |     3 |       ||     3
         Peck              |     2 |       ||     2
   Cast: Shock             |    63 |     5 ||    68
  Dodge: Dodged            |     9 |       ||     9

Table legend: (Time is in decaauts)
 A = Elapsed time spent in this place.
 B = Non-inter-level travel time spent in this place.
 C = Inter-level travel time spent in this place.
 D = Time resting spent in this place.
 E = Time spent auto-exploring this place.
 F = Levels seen in this place.
 G = Mean time per level.
                   A        B        C        D        E       F      G
               +--------+--------+--------+--------+--------+-----+--------+
         Total |   2254 |   2162 |     92 |    169 |   1647 |   4 |  563.5 |
       Dungeon |   2254 |   2162 |     92 |    169 |   1647 |   4 |  563.5 |
               +--------+--------+--------+--------+--------+-----+--------+

Top non-repeatable levels by time:
     D:1: 959 daAuts
     D:2: 797 daAuts
     D:3: 436 daAuts
     D:5: 60 daAuts
